 Dungeon Crawl Stone Soup version 0.31-a0-851-g7ff8af7976 (webtiles) character file.

Game seed: 8474817731610130364

60 LeprechaunX the Changeling (level 4, -8/29 HPs)
             Began as an Octopode Shapeshifter on Oct 6, 2023.
             Mangled by a gnoll
             ... wielding a +0 halberd
              (16 damage)
             ... on level 3 of the Dungeon.
             The game lasted 00:01:28 (1610 turns).

LeprechaunX the Changeling (Octopode Shapeshifter)  Turns: 1610, Time: 00:01:30

Health: -8/29      AC:  1    Str: 15    XL:     4   Next: 6%
Magic:  4/4        EV: 13    Int: 12    God:
Gold:   123        SH:  0    Dex: 11    Spells: 3/3 levels left

rFire   . .          .
                       - Unarmed
rCold   . . .        (no shield)
rNeg    + . .        (helmet currently unavailable)
rPois   .            (no amulet)
rElec   .            i - ring of positive energy
rCorr   .            (no ring)
SInv    .            (no ring)
Will    .....        (no ring)
Stlth   ++           (no ring)
HPRegen 0.24/turn    (no ring)
MPRegen 0.09/turn    (no ring)
                     (no ring)

%: no passive effects
@: beast-form
A: beast (slay +2), almost no armour, amphibious, 8 rings, camouflage 1,
gelatinous body 1, (nimble swimmer 1), tentacles
a: Begin Untransformation


You were on level 3 of the Dungeon.
You were a hulking beast.
You visited 1 branch of the dungeon, and saw 3 of its levels.

You collected 123 gold pieces.

Inventory:

Jewellery
 i - a ring of positive energy (left tentacle)
Talismans
 b - a beast talisman (active)
 c - a flux talisman
Wands
 n - a wand of acid (6)
 r - a wand of paralysis (7)
Scrolls
 e - 6 scrolls of identify {unknown}
 g - a scroll of enchant weapon {unknown}
 j - a scroll of teleportation {unknown}
 k - a scroll of poison {unknown}
 l - a scroll of fear {unknown}
 o - 2 scrolls of immolation {unknown}
 p - a scroll of blinking {unknown}
 q - a scroll of revelation {unknown}
Potions
 a - a potion of lignification
 d - a potion of cancellation {unknown}
 f - a potion of brilliance {unknown}
 h - a potion of berserk rage {unknown}
 m - a potion of magic {unknown}


   Skills:
 + Level 1.8 Fighting
 + Level 2.5 Dodging
 + Level 3.4 Unarmed Combat
 * Level 3.6 Shapeshifting


You had 3 spell levels left.
You didn't know any spells.
Your spell library was empty.

Dungeon Overview and Level Annotations

Branches:
Dungeon (3/15)

Altars:
Dithmenos
Sif Muna


Innate Abilities, Weirdness & Mutations

You are a hulking beast.
Your limbs bulge with bestial killing power. (Slay +2)
You cannot wear most types of armour.
You are amphibious.
You can wear up to eight rings at the same time.
Your skin changes colour to match your surroundings (Stealth+).
Your rubbery body absorbs attacks. (AC +1, EV +1)
((You are camouflaged when in or above water. (Stealth+)))
You have tentacles for arms and can constrict up to eight enemies at once.


Message History

Found a heavily runed ring mail.
r - a wand of paralysis (7)
You open the door.
Found a shimmering blue altar of Sif Muna.
You see here the +3 ring mail of the Quahog {Will+}.
Found an escape hatch in the ceiling.
You now have 123 gold pieces (gained 10).
There is an escape hatch in the ceiling here.
Found a leather armour.
You see here a +0 leather armour.
Found a robe. 3 gnolls come into view.
The gnoll shouts! x2
There are monsters nearby!
There are monsters nearby!
You tentacle-slap the gnoll. You grab the gnoll.
The gnoll is moderately wounded.
You constrict the gnoll. The gnoll barely misses you. x2
You bludgeon the gnoll!
You kill the gnoll!
The gnoll hits you from afar with a +0 halberd!
You have reached level 4!
Found a bubbling ruby potion.
The gnoll attacks as it pursues you! The gnoll barely misses you.
Found an amethyst potion.
You see here a bubbling ruby potion.
You see here an amethyst potion.
The gnoll closely misses you.
You tentacle-slap the gnoll. You grab the gnoll.
The gnoll is heavily wounded.
You constrict the gnoll. The gnoll misses you.
The gnoll hits you with a +0 halberd!
You tentacle-slap the gnoll.
The gnoll is severely wounded.
You constrict the gnoll.
The gnoll hits you from afar with a +0 spear.
* * * LOW HITPOINT WARNING * * *
The gnoll hits you with a +0 halberd!
Ouch! That really hurt!
You die...

...# #.# #.## ##.####
#.##.# #.# #....###
#.##.# #.# ####...#
#.##.# #.# # ###.#
#.##.# #.# .# #.#
#.##.# #.##.### #.##
#.##.# #.####......
#..####.##!# #..gg)...#
##....#.##h########.#
####...##.gg.......#
###.###########.###.#
#..........[......#
########....#####.#####
....................
###########.#####.##.#
#.# #.# # #.# #[#


You could see 2 gnolls.

Vanquished Creatures
  A gnoll (D:3)
  An adder (D:2)
  A worm (D:2)
  3 dart slugs
  An endoplasm (D:2)
  A giant cockroach (D:3)
  2 goblins
  5 hobgoblins
  6 ball pythons
  4 bats
  7 kobolds
  A rat (D:1)
33 creatures vanquished.

Notes
Turn   | Place    | Note
-------+----------+-------------------------------------------
     0 | D:1      | LeprechaunX the Octopode Shapeshifter began the quest for
                  | the Orb.
     0 | D:1      | Reached XP level 1. HP: 13/13 MP: 1/1
   338 | D:1      | Reached XP level 2. HP: 12/18 MP: 2/2
   761 | D:2      | Reached XP level 3. HP: 18/23 MP: 3/3
  1361 | D:3      | Found a shadowy altar of Dithmenos.
  1502 | D:3      | Found a shimmering blue altar of Sif Muna.
  1528 | D:3      | Identified the +3 ring mail of the Quahog {Will+}
  1598 | D:3      | Reached XP level 4. HP: 18/29 MP: 4/4
  1610 | D:3      | Mangled by a gnoll

Illustrated notes

Levels and vault maps discovered:
D:1:      enne_arrival_octagon_isle, layout_loops_cross, minmay_misc_feat_tiny
D:2:      layout_rooms, minmay_misc_feat_tower, kennysheep_crisscross,
          hex_medium
D:3:      layout_basic, lemuel_blue_sif_altar, nicolae_tso_swordbearing_angel,
          lemuel_round_altar

Action                     |  1- 3 |  4- 6 || total
---------------------------+-------+-------++-------
  Melee: Unarmed           |    59 |     2 ||    61
         Constrict         |    19 |     1 ||    20
         Tentacles         |    13 |       ||    13
         Punch             |     1 |       ||     1
   Stab: Sleeping          |     9 |       ||     9
 Armour: Skin              |    20 |     3 ||    23
  Dodge: Dodged            |    32 |     3 ||    35

Table legend: (Time is in decaauts)
 A = Elapsed time spent in this place.
 B = Non-inter-level travel time spent in this place.
 C = Inter-level travel time spent in this place.
 D = Time resting spent in this place.
 E = Time spent auto-exploring this place.
 F = Levels seen in this place.
 G = Mean time per level.
                   A        B        C        D        E       F      G
               +--------+--------+--------+--------+--------+-----+--------+
         Total |   1605 |   1558 |     47 |      0 |   1341 |   3 |  535.0 |
       Dungeon |   1605 |   1558 |     47 |      0 |   1341 |   3 |  535.0 |
               +--------+--------+--------+--------+--------+-----+--------+

Top non-repeatable levels by time:
     D:1: 685 daAuts
     D:2: 605 daAuts
     D:3: 314 daAuts
